General information
- name: BNet
- type: Ladder team game (AT/RT)
- host: Battle.net
- saver: teelo
map: Deathknell
- players: 8
- length: 09:49
- speed: Fast
- version: 1.28 W3XP
- replay type: Public
» download(102 KB)
Players
team 1 (winner)
ARJENROBBEN (
purple | 112 APM | 1098 actions | 09:49)
3 Blademaster
2 Wind Walk
1 Critical Strike
1 Shadow Hunter
1 Hex
» actions
| Assign group hotkey | 15 | |
| Basic commands | 16 | |
| Build / train | 34 | |
| Enter build submenu | 14 | |
| Enter hero's abilities submenu | 4 | |
| Remove unit from queue | 3 | |
| Right click | 465 | |
| Select / deselect | 119 | |
| Select group hotkey | 383 | |
| Use ability | 45 | |
1098 total
» units
| Peon | 10 | |
| Grunt | 8 | |
| Troll Witch Doctor | 1 | |
19 total
» upgrades
| Berserker Strength | 1 | |
| Witch Doctor Training | 1 | |
2 total
» buildings
| Altar of Storms | 1 | |
| Orc Burrow | 4 | |
| Barracks | 2 | |
| Voodoo Lounge | 2 | |
| Stronghold | 1 | |
| Great Hall | 2 | |
| Spirit Lodge | 1 | |
| Fortress | 1 | |
14 total
» build order
00:12 Altar of Storms
00:23 Orc Burrow
00:40 Barracks
01:31 Orc Burrow
02:03 Voodoo Lounge
03:04 Orc Burrow
04:24 Stronghold
04:44 Great Hall
06:03 Great Hall
06:52 Spirit Lodge
07:22 Orc Burrow
08:37 Barracks
08:40 Voodoo Lounge
09:01 Fortress
» items

»
MountainKINGs (
pink | 88 APM | 862 actions | 09:49)
3 Dark Ranger
2 Black Arrow
1 Silence
» actions
| Assign group hotkey | 19 | |
| Build / train | 40 | |
| ESC pressed | 1 | |
| Enter build submenu | 18 | |
| Enter hero's abilities submenu | 3 | |
| Right click | 563 | |
| Select / deselect | 187 | |
| Select group hotkey | 2 | |
| Use ability | 29 | |
862 total
» units
» upgrades
| Strength of the Moon | 1 | |
| Moon Armor | 1 | |
| Ultravision | 1 | |
| Strength of the Wild | 1 | |
4 total
» buildings
| Moon Well | 5 | |
| Ancient of War | 1 | |
| Altar of Elders | 1 | |
| Ancient of Wonders | 2 | |
| Hunter's Hall | 1 | |
| Tree of Life | 4 | |
| Tree of Ages | 2 | |
16 total
» build order
00:18 Moon Well
00:48 Ancient of War
01:10 Altar of Elders
01:29 Moon Well
02:14 Moon Well
03:24 Ancient of Wonders
03:38 Hunter's Hall
03:43 Ancient of Wonders
05:34 Tree of Life
05:44 Tree of Life
05:47 Tree of Ages
05:47 Tree of Ages
07:15 Tree of Life
08:04 Moon Well
08:54 Moon Well
09:47 Tree of Life
LaPlaya (
yellow | 111 APM | 1085 actions | 09:49)
2 Lich
1 Frost Nova
1 Dark Ritual
» actions
| Assign group hotkey | 9 | |
| Build / train | 41 | |
| Enter build submenu | 10 | |
| Enter hero's abilities submenu | 2 | |
| Right click | 499 | |
| Select / deselect | 96 | |
| Select group hotkey | 402 | |
| Use ability | 23 | |
1085 total
» units
» upgrades
| Unholy Armor | 1 | |
| Unholy Strength | 1 | |
| Creature Attack | 1 | |
3 total
» buildings
| Crypt | 3 | |
| Ziggurat | 4 | |
| Altar of Darkness | 1 | |
| Tomb of Relics | 1 | |
| Nerubian Tower | 1 | |
| Graveyard | 1 | |
| Halls of the Dead | 2 | |
| Spirit Tower | 5 | |
18 total
» build order
00:18 Crypt
00:20 Ziggurat
00:41 Altar of Darkness
01:06 Ziggurat
01:41 Tomb of Relics
02:25 Nerubian Tower
03:24 Graveyard
04:56 Halls of the Dead
04:56 Halls of the Dead
05:03 Ziggurat
05:30 Spirit Tower
05:30 Spirit Tower
06:23 Spirit Tower
06:23 Spirit Tower
07:27 Crypt
07:28 Crypt
07:59 Ziggurat
08:54 Spirit Tower
» items
| Rod of Necromancy | 2 | |
| Dust of Appearance | 2 | |
4 total

»
2thache (
orange | 55 APM | 544 actions | 09:49)
3 Mountain King
2 Storm Bolt
1 Bash
» actions
| Basic commands | 12 | |
| Build / train | 34 | |
| Enter build submenu | 21 | |
| Enter hero's abilities submenu | 3 | |
| Give item / drop item | 1 | |
| Right click | 256 | |
| Select / deselect | 190 | |
| Use ability | 27 | |
544 total
» units
| Peasant | 8 | |
| Rifleman | 5 | |
| Goblin Shredder | 2 | |
15 total
» upgrades
| Gunpowder | 1 | |
| Masonry | 1 | |
| Long Rifles | 1 | |
3 total
» buildings
| Farm | 5 | |
| Blacksmith | 1 | |
| Barracks | 1 | |
| Lumber Mill | 1 | |
| Altar of Kings | 1 | |
| Scout Tower | 5 | |
| Guard Tower | 5 | |
| Arcane Vault | 1 | |
| Town Hall | 1 | |
| Keep | 1 | |
| Workshop | 2 | |
24 total
» build order
00:09 Farm
00:16 Blacksmith
00:49 Farm
01:14 Barracks
01:39 Lumber Mill
01:53 Altar of Kings
02:18 Farm
02:33 Scout Tower
03:03 Farm
03:04 Guard Tower
03:37 Arcane Vault
05:39 Town Hall
05:43 Scout Tower
06:15 Guard Tower
06:18 Keep
06:24 Farm
08:20 Scout Tower
08:23 Scout Tower
08:26 Scout Tower
08:47 Guard Tower
08:57 Workshop
09:00 Workshop
09:02 Guard Tower
09:04 Guard Tower
» items
| Scroll of Regeneration | 2 | |
| Lesser Clarity Potion | 2 | |
| Rod of Necromancy | 1 | |
5 total
team 2 (loser)

»
wolfblade13 (
green | 46 APM | 449 actions | 09:45)
3 Demon Hunter
2 Mana Burn
1 Evasion
» actions
| Assign group hotkey | 10 | |
| Basic commands | 32 | |
| Build / train | 27 | |
| ESC pressed | 1 | |
| Enter build submenu | 12 | |
| Enter hero's abilities submenu | 3 | |
| Right click | 130 | |
| Select / deselect | 152 | |
| Select group hotkey | 63 | |
| Use ability | 19 | |
449 total
» units
» buildings
| Moon Well | 3 | |
| Altar of Elders | 1 | |
| Ancient of War | 1 | |
| Tree of Ages | 1 | |
| Hunter's Hall | 1 | |
| Tree of Life | 2 | |
| Ancient Protector | 1 | |
| Ancient of Wonders | 1 | |
| Ancient of Lore | 1 | |
| Ancient of Wind | 1 | |
13 total
» build order
00:27 Moon Well
00:48 Altar of Elders
00:52 Ancient of War
01:31 Moon Well
03:16 Moon Well
04:03 Tree of Ages
04:44 Hunter's Hall
05:43 Tree of Life
06:03 Ancient Protector
06:06 Ancient of Wonders
08:36 Tree of Life
09:00 Ancient of Lore
09:03 Ancient of Wind
wooso (
red | 68 APM | 469 actions | 06:55)
1 Death Knight
1 Death Coil
» actions
| Assign group hotkey | 8 | |
| Build / train | 14 | |
| ESC pressed | 1 | |
| Enter build submenu | 8 | |
| Enter hero's abilities submenu | 1 | |
| Right click | 199 | |
| Select / deselect | 86 | |
| Select group hotkey | 126 | |
| Use ability | 26 | |
469 total
» units
| Acolyte | 3 | |
| Ghoul | 2 | |
| Crypt Fiend | 4 | |
9 total
» buildings
| Altar of Darkness | 1 | |
| Ziggurat | 3 | |
| Crypt | 1 | |
| Graveyard | 1 | |
| Tomb of Relics | 1 | |
7 total
» build order
00:14 Altar of Darkness
00:27 Ziggurat
00:30 Ziggurat
00:37 Crypt
00:58 Graveyard
01:19 Tomb of Relics
01:55 Ziggurat
» items
| Rod of Necromancy | 1 | |
| Sacrificial Skull | 1 | |
2 total
SIllNllIN (
blue | 60 APM | 559 actions | 09:23)
1 Blademaster
1 Wind Walk
» actions
| Assign group hotkey | 5 | |
| Basic commands | 5 | |
| Build / train | 29 | |
| Enter build submenu | 13 | |
| Enter hero's abilities submenu | 1 | |
| Right click | 241 | |
| Select / deselect | 83 | |
| Select group hotkey | 157 | |
| Use ability | 25 | |
559 total
» units
» upgrades
| Pillage | 1 | |
| Spiked Barricades | 1 | |
| Melee Weapons | 1 | |
| Ensnare | 1 | |
4 total
» buildings
| Altar of Storms | 1 | |
| Orc Burrow | 4 | |
| Voodoo Lounge | 1 | |
| War Mill | 1 | |
| Stronghold | 1 | |
| Beastiary | 2 | |
| Watch Tower | 3 | |
13 total
» build order
00:12 Altar of Storms
00:18 Orc Burrow
01:11 Voodoo Lounge
01:41 War Mill
02:08 Stronghold
02:40 Orc Burrow
03:38 Orc Burrow
05:04 Beastiary
05:15 Beastiary
05:17 Watch Tower
05:19 Watch Tower
06:36 Orc Burrow
07:47 Watch Tower
» items
| Healing Salve | 2 | |
| Lesser Clarity Potion | 2 | |
| Scroll of Speed | 1 | |
| Potion of Healing | 1 | |
6 total

»
teelo (
teal | 58 APM | 565 actions | 09:49)
2 Priestess of the Moon
1 Scout
1 Trueshot Aura
» actions
| Assign group hotkey | 81 | |
| Basic commands | 42 | |
| Build / train | 21 | |
| Enter build submenu | 10 | |
| Enter hero's abilities submenu | 2 | |
| Give item / drop item | 3 | |
| Right click | 156 | |
| Select / deselect | 97 | |
| Select group hotkey | 96 | |
| Use ability | 57 | |
565 total
» units
» upgrades
| Strength of the Wild | 1 | |
| Reinforced Hides | 1 | |
| Ultravision | 1 | |
3 total
» buildings
| Altar of Elders | 1 | |
| Moon Well | 4 | |
| Ancient of War | 1 | |
| Ancient of Wonders | 1 | |
| Tree of Ages | 1 | |
| Hunter's Hall | 1 | |
| Tree of Eternity | 1 | |
| Ancient of Wind | 1 | |
11 total
» build order
00:21 Altar of Elders
00:34 Moon Well
00:49 Ancient of War
01:43 Moon Well
02:25 Ancient of Wonders
02:53 Tree of Ages
02:58 Hunter's Hall
03:36 Moon Well
03:44 Moon Well
05:28 Tree of Eternity
05:31 Ancient of Wind
» items
| Rod of Necromancy | 1 | |
| Dust of Appearance | 1 | |
2 total
Chat log
(00:57 / Allies) wolfblade13: units?
(01:01 / Allies) wooso: fiends
(01:02 / Allies) teelo: chims
(01:03 / Allies) wooso: frosts
(01:12 / Allies) wooso: orc go harass asap
(01:21 / Allies) SIllNllIN: i do
(01:25 / Allies) wooso: thank u sir
(01:29 / Allies) wooso: will u get melee
(01:40 / Allies) wooso: why u left the game just now?
(01:50 / Allies) wooso: sorry wrong msg
(03:54 / Allies) wolfblade13: teal fuck off
(04:01 / Allies) teelo: IM SORRY I THOGUHT THIS WAS A TEAM GAME
(04:13 / Allies) wolfblade13: dont mind you creeping with me
(04:16 / Allies) wolfblade13: as long as you have units
(04:22 / Allies) wolfblade13: otherwise you are leeching
(04:27 / Allies) SIllNllIN: ?
(04:32 / Allies) SIllNllIN: bs?
(04:34 / Allies) wolfblade13: and you know that very well
(04:44 / Allies) SIllNllIN: ???
(04:45 / All) 2thache: o boy
(04:49 / All) SIllNllIN: bs...
(04:51 / Allies) wooso: no 1 helps my expo eh
(04:57 / Allies) wooso: do u want me to quit now?
(04:57 / Allies) wolfblade13: wtf happened here
(05:41 / Allies) wooso: is this even a fuckin team game?
(05:43 / Allies) wooso: look at fuckin teal
(05:44 / Allies) wooso: 1 hero
(05:46 / All) wooso: no units
(05:49 / Allies) wooso: wtf is this eh?
(05:57 / Allies) wolfblade13: why are u unsummoing dumbass
(06:08 / Allies) wooso: u guys aren't helping
(06:12 / Allies) wooso: so wtf u expect me to do?
(06:16 / Allies) SIllNllIN: sore loser
(06:16 / Allies) wolfblade13: fight on
(06:16 / Allies) wooso: gold mine is gone no ziggart
(06:39 / Allies) wolfblade13: and you take my wells...
(06:40 / Allies) wolfblade13: omg
(06:44 / Allies) teelo: team
(06:45 / Allies) teelo: game
(06:47 / Allies) wolfblade13: you want to get fucking raped teal?
(06:48 / All) wooso: garbage
(06:53 / All) wooso: teal is big garbage
(09:19 / All) wolfblade13: not one fucking decent teammate
(09:27 / All) LaPlaya: y u still here
(09:27 / All) teelo: because you complain too much
(09:42 / All) wolfblade13: unistall the game teal
(09:44 / All) wolfblade13: fucker